 Dungeon Crawl Stone Soup version 0.29.1-1-gd02db6906a (webtiles) character file.

Game seed: 7885162717175188029

756 Demigod47 the Cudgeller (level 7, -2/61 HPs)
             Began as a Minotaur Fighter on Oct 10, 2022.
             Succumbed to Edmund's poison
             ... on level 5 of the Dungeon.
             The game lasted 00:06:34 (4662 turns).

Demigod47 the Cudgeller (Minotaur Fighter)          Turns: 4662, Time: 00:06:35

Health: -2/61      AC: 12    Str: 23    XL:     7   Next: 50%
Magic:  6/6        EV:  6    Int:  5    God:
Gold:   170        SH:  4    Dex:  9    Spells: 6/6 levels left

rFire   . . .      SeeInvis .   a - +0 flail
rCold   . . .      Faith    .   c - +0 buckler
rNeg    . . .      Spirit   .   n - +0 plate armour
rPois   .          Reflect  .   (helmet restricted)
rElec   .          Harm     .   (no cloak)
rCorr   .          Rampage  .   (no gloves)
Will    .....                   (no boots)
Stlth   ..........              (no amulet)
HPRegen 0.20/turn               (no ring)
MPRegen 0.10/turn               (no ring)

@: lethally poisoned (-2 -> -14)
A: horns 2, retaliatory headbutt, mutation resistance 1
a: no special abilities


You were on level 5 of the Dungeon.
You visited 1 branch of the dungeon, and saw 5 of its levels.

You collected 170 gold pieces.

Inventory:

Hand Weapons
 a - a +0 flail (weapon)
Armour
 b - a +0 scale mail
 c - a +0 buckler (worn)
 n - a +0 plate armour (worn)
Wands
 d - a wand of iceblast (9)
Scrolls
 f - 5 scrolls of teleportation
 g - a scroll of vulnerability
 i - a scroll of poison {unknown}
 j - 2 scrolls of fog
 k - 3 scrolls of summoning
 m - 2 scrolls of enchant weapon
 o - a scroll of torment {unknown}
 r - 2 scrolls of noise {unknown}
 t - a scroll of immolation {unknown}
 v - a scroll of amnesia {unknown}
 w - 3 scrolls of magic mapping {unknown}
Potions
 e - a potion of invisibility
 h - a potion of haste
 p - 2 potions of attraction
 q - 2 potions of brilliance
 u - 2 potions of might


   Skills:
 + Level 5.5 Fighting
 * Level 7.4 Maces & Flails
 + Level 6.0 Armour
 + Level 0.5 Dodging
 + Level 0.1 Stealth
 + Level 4.5 Shields


You had 6 spell levels left.
You didn't know any spells.
Your spell library contained the following spells:

 Spells                   Type           Power      Damage    Failure   Level
 Conjure Flame            Conj/Fire      0%         6-21      100%        3
 Ignite Poison            Fire/Tmut/Pois 0%         N/A       100%        3
 Animate Dead             Necr           0%         N/A       100%        4
 Sticky Flame             Conj/Fire      0%         2d3       100%        4
 Summon Lightning Spire   Summ/Air       0%         N/A       100%        4
 Borgnjor's Vile Clutch   Necr/Erth      0%         N/A       100%        5
 Death Channel            Necr           0%         N/A       100%        6
 Storm Form               Tmut/Air       0%         N/A       100%        7
 Maxwell's Capacitive Co  Air            0%         ∞         100%        8


Dungeon Overview and Level Annotations

Branches:
Dungeon (5/15)
 Temple: D:4-7

Altars:
Vehumet

Annotations:
D:5 Edmund


Innate Abilities, Weirdness & Mutations

You have a pair of horns on your head.
You reflexively headbutt those who attack you in melee.
You are somewhat resistant to further mutation.


Message History

You feel very sick. You block Edmund's attack.
You sock Edmund! Your headbutt misses Edmund.
Edmund is heavily wounded.
You feel very sick.
Edmund hits you with a +3 flail of venom.
You are lethally poisoned!
You barely miss Edmund. You headbutt Edmund.
Edmund is heavily wounded.
You feel very sick. Edmund hits you but does no damage.
You are more poisoned.
Edmund hits you with a +3 flail of venom.
* * * LOW HITPOINT WARNING * * *
You are more poisoned.
You feel better.
Edmund hits you with a +3 flail of venom!
* * * LOW HITPOINT WARNING * * *
You are poisoned.
You feel better.
Edmund hits you with a +3 flail of venom!
You are poisoned.
You hit Edmund but do no damage.
Edmund is heavily wounded.
You feel very sick. You block Edmund's attack.
You hit Edmund. Your headbutt misses Edmund.
Edmund is severely wounded.
You feel sick.
Edmund hits you with a +3 flail of venom!
* * * LOW HITPOINT WARNING * * *
You are more poisoned.
You barely miss Edmund.
Edmund is severely wounded.
* * * LOW HITPOINT WARNING * * *
You feel very sick. You block Edmund's attack.
You closely miss Edmund.
Edmund is severely wounded.
You die...

#.#.# ##..#...#.. # #.#.#
##.......... #.
#.#.###........h.. .
##.##.#............# .
...<..#..##....# ..
#.........#h# # # ...
#.........#Y# .##.#
#.###..#..###.#@# ......
##..[......# #.#@##...#.#
...........# #.#...$....#
....#......###...........
#...#....#..........#.###
#.# ###........###### #
#. #...##..##.# #
#.#####.##.#
............#
#########)####


You could see Edmund, an ice beast and a jackal.

Vanquished Creatures
  Sigmund (D:4)
  A black bear (D:4)
  2 phantoms (D:4)
  An orc priest (D:4)
  2 jellies (D:4)
  An iguana (D:4)
  Jessica (D:3)
  Ijyb (D:3)
  4 gnolls (D:5)
  4 adders
  2 worms
  2 dart slugs
  6 orcs
  7 endoplasms
  3 giant cockroaches
  8 goblins
  3 hobgoblins
  10 jackals
  2 quokkas
  8 ball pythons
  6 bats
  6 frilled lizards
  9 kobolds
  4 rats
94 creatures vanquished.

Notes
Turn   | Place    | Note
-------+----------+-------------------------------------------
     0 | D:1      | Demigod47 the Minotaur Fighter began the quest for the Orb.
     0 | D:1      | Reached XP level 1. HP: 19/19 MP: 0/0
   197 | D:1      | Reached XP level 2. HP: 27/27 MP: 1/1
  1090 | D:2      | Reached XP level 3. HP: 33/33 MP: 2/2
  1108 | D:2      | Reached skill level 3 in Maces & Flails
  1972 | D:3      | Found a radiant altar of Vehumet.
  1983 | D:3      | Reached XP level 4. HP: 40/40 MP: 3/3
  2136 | D:3      | Noticed Jessica
  2149 | D:3      | Killed Jessica
  2150 | D:3      | Reached skill level 4 in Maces & Flails
  2284 | D:3      | Found a glowing drain.
  2284 | D:3      | Noticed Ijyb
  2306 | D:3      | Killed Ijyb
  2307 | D:3      | Reached XP level 5. HP: 18/47 MP: 4/4
  3088 | D:4      | Noticed a phantom
  3099 | D:4      | Killed a phantom
  3100 | D:4      | Reached skill level 5 in Maces & Flails
  3111 | D:4      | Noticed Sigmund
  3126 | D:4      | Killed Sigmund
  3127 | D:4      | Reached skill level 5 in Fighting
  3127 | D:4      | Reached skill level 6 in Maces & Flails
  3127 | D:4      | Reached skill level 5 in Armour
  3127 | D:4      | Reached XP level 6. HP: 17/56 MP: 5/5
  3840 | D:4      | Reached XP level 7. HP: 61/61 MP: 6/6
  4034 | D:4      | Reached skill level 7 in Maces & Flails
  4540 | D:4      | Gained mutation: You are somewhat resistant to further
                  | mutation. [potion of mutation]
  4549 | D:5      | Entered Level 5 of the Dungeon
  4636 | D:5      | Noticed Edmund
  4661 | D:5      | HP: 1/61 [poisoned by Edmund]
  4662 | D:5      | Succumbed to Edmund's poison

Illustrated notes

Levels and vault maps discovered:
D:1:      dpeg_arrival_brainrot, layout_basic
D:2:      layout_basic
D:3:      layout_basic, mainiacjoe_overflow_concentric_impassable,
          cheibrodos_sewer_entry_sluice, uniq_jessica, uniq_ijyb
D:4:      layout_basic, uniq_sigmund
D:5:      cheibrodos_fertilizer, layout_loops_ring, st_stairs_14, uniq_edmund,
          uniq_eustachio

Skill      XL: |  1  2  3  4  5  6  7 |
---------------+----------------------+-----
Armour         | 4 5 6 |  6.0
Fighting       | 4 5 |  5.5
Shields        | 4 |  4.5
Maces & Flails | 3 4 6 7 |  7.4
Dodging        | |  0.5
Stealth        | |  0.1

Action                   |  1- 3 |  4- 6 |  7- 9 || total
-------------------------+-------+-------+-------++-------
Melee: Flail             |    86 |    95 |    53 ||   234
       Headbutt          |    13 |    15 |    15 ||    43
  Use: Potion            |       |     8 |     5 ||    13
       Scroll            |       |     4 |     1 ||     5
Armor: Scale mail        |    24 |       |       ||    24
       Plate armour      |    30 |   104 |    24 ||   158
Dodge: Dodged            |    38 |    34 |    18 ||    90
Block: Buckler           |    29 |    38 |    11 ||    78
